 Dungeon Crawl Stone Soup version 0.27.1-2-g3b301248ec (webtiles) character file.

Game seed: 17035344437921059057

527 Rickety the Conjurer (level 7, 0/51 HPs)
             Began as a Gnoll Conjurer on Sept 26, 2021.
             Was an Initiate of Vehumet.
             Slain by Grinder (4 damage)
             ... on level 4 of the Dungeon.
             The game lasted 00:09:26 (3882 turns).

Rickety the Conjurer (Gnoll Conjurer)               Turns: 3882, Time: 00:09:27

Health: 0/51       AC:  4    Str:  7    XL:     7   Next: 23%
Magic:  6/15       EV: 13    Int: 19    God:    Vehumet [......]
Gold:   173        SH:  0    Dex: 10    Spells: 11/17 levels left

rFire    . . .     SeeInvis .   a - +1 short sword (venom)
rCold    . . .     Faith    .   (no shield)
rNeg     . . .     Spirit   .   h - +0 robe
rPois    .         Reflect  .   u - +0 helmet
rElec    .         Harm     .   (no cloak)
rCorr    .         Rampage  .   (no gloves)
Will     .....                  f - +0 pair of boots
Stlth    +++.......             (no amulet)
HPRegen  0.17/turn              (no ring)
MPRegen  0.14/turn              (no ring)

@: no status effects
A: fangs 1, strong nose, distributed training
a: Renounce Religion


You were on level 4 of the Dungeon.
You worshipped Vehumet.
Vehumet was noncommittal.
You visited 2 branches of the dungeon, and saw 6 of its levels.

You collected 173 gold pieces.

Inventory:

Hand Weapons
 a - a +1 short sword of venom (weapon)
 b - a +4 flail of holy wrath
Missiles
 t - 2 throwing nets
Armour
 f - a +0 pair of boots (worn)
 h - a +0 robe (worn)
 u - a +0 helmet (worn)
Magical Staves
 n - a staff of cold
 r - a staff of earth
Wands
 w - a wand of acid (7)
Scrolls
 c - 2 scrolls of identify {unknown}
 e - 3 scrolls of blinking {unknown}
 g - a scroll of teleportation {unknown}
 j - a scroll of brand weapon {unknown}
 k - a scroll of holy word {unknown}
 m - a scroll of amnesia {unknown}
 q - a scroll of fear {unknown}
 v - a scroll of fog {unknown}
Potions
 d - a potion of might {unknown}
 i - a potion of ambrosia {unknown}
 l - a potion of haste {unknown}
 o - a potion of magic {unknown}
 p - 2 potions of degeneration {unknown}
 s - a potion of curing {unknown}


   Skills:
 + Level 2.3 Fighting
 + Level 2.3 Short Blades
 + Level 2.3 Long Blades
 + Level 2.3 Axes
 + Level 2.3 Maces & Flails
 + Level 2.3 Polearms
 + Level 2.3 Staves
 + Level 2.3 Slings
 + Level 2.3 Bows
 + Level 2.3 Crossbows
 + Level 2.3 Throwing
 + Level 2.3 Armour
 + Level 5.2 Dodging
 + Level 4.8 Stealth
 + Level 2.3 Shields
 + Level 2.3 Unarmed Combat
 + Level 5.5 Spellcasting
 + Level 7.4 Conjurations
 + Level 1.9 Hexes
 + Level 1.9 Summonings
 + Level 1.9 Necromancy
 + Level 1.9 Translocations
 + Level 1.9 Transmutations
 + Level 1.9 Fire Magic
 + Level 1.9 Ice Magic
 + Level 1.9 Air Magic
 + Level 1.9 Earth Magic
 + Level 1.9 Poison Magic
 + Level 2.6 Invocations
 + Level 2.3 Evocations


You had 11 spell levels left.
You knew the following spells:

 Your Spells              Type           Power      Damage    Failure   Level
a - Magic Dart            Conj           100%       1d8       1%          1
d - Dazzling Flash        Conj/Hex       46%        N/A       5%          3
r - Searing Ray           Conj           66%        3d5       1%          2

Your spell library contained the following spells:

 Spells                   Type           Power      Damage    Failure   Level
 Corpse Rot               Necr/Air       N/A        N/A       9%          2
 Poisonous Vapours        Pois/Air       24%        N/A       9%          2
 Fulminant Prism          Conj/Hex       11%        3d9       17%         4
 Iskenderun's Mystic Bla  Conj/Tloc      23%        2d6       17%         4
 Freezing Cloud           Conj/Ice/Air   9%         6-21      56%         5


Dungeon Overview and Level Annotations

Branches:
Dungeon (5/15)             Temple (1/1) D:4

Altars:
Ashenzari
Cheibriados
Dithmenos
Elyvilon
Fedhas
Gozag
Hepliaklqana
Kikubaaqudgha
Nemelex Xobeh
Ru
Sif Muna
Uskayaw
Vehumet
Wu Jian
Xom
Yredelemnul
The Shining One

Shops:
D:2 :!

Annotations:
D:4 Grinder


Innate Abilities, Weirdness & Mutations

You have very sharp teeth.
Your uncanny sense of smell can sniff out nearby items.
Your experience applies equally to all skills.


Message History

Aim: Grinder (severely wounded, 78% to hit)
The searing ray misses Grinder. (Press . to maintain the ray.) Grinder misses you.
Unknown command.
The searing ray hits Grinder!
Grinder is almost dead.
Grinder gestures at you.
You struggle to resist.
The searing ray hits Grinder.
Grinder is almost dead.
Grinder gestures at you.
You suddenly lose the ability to move!
Grinder gestures at you.
You shrug off the repeated paralysis!
Grinder hits you!
You writhe in agony.
Grinder hits you.
You writhe in agony.
Grinder gestures at you. Pain shoots through your body!
* * * LOW HITPOINT WARNING * * *
Grinder gestures at you.
You shrug off the repeated paralysis!
Grinder hits you.
* * * LOW HITPOINT WARNING * * *
You writhe in agony.
* * * LOW HITPOINT WARNING * * *
You can move again.
Casting: Searing Ray (safe; 1% risk of failure)
Confirm with . or Enter, or press ? or * to list all spells.
Aiming: Searing Ray (safe; 1% risk of failure)
Press: ? - help, Shift-Dir - straight line, f/p - Grinder
Aim: Grinder (almost dead, 78% to hit)
The searing ray hits Grinder.
Grinder is almost dead. (Press . to maintain the ray.) Grinder says, "You look like you could use a good racking."
Grinder hits you.
* * * LOW HITPOINT WARNING * * *
You writhe in agony.
You die...

..........###†##.#...#
...................##...#
##........##.....### ###
.#<............### .#
...####....##..# 5
..............## .#
.........######### #.#
.................##..#
...#............@#..###
...##............5....#
...................$..#
.....[................#
#'###.................#
....#.................#
###.#...................
#>#.+....................
#'#.#............########


You could see Grinder.

Vanquished Creatures
  Duvessa (D:4)
  Dowan (D:4)
  A hound (D:4)
  An orc priest (D:3)
  A centaur skeleton (D:4)
  Ijyb (D:4)
  An orc wizard (D:3)
  Robin (D:4)
  10 gnolls
  4 adders
  6 orcs (D:3)
  6 ball pythons
  5 endoplasms
  2 giant cockroaches
  14 goblins
  10 hobgoblins
  5 quokkas
  10 bats
  2 frilled lizards
  5 kobolds
  3 rats
  A spectral kobold (D:1)
91 creatures vanquished.

Notes
Turn   | Place    | Note
-------+----------+-------------------------------------------
     0 | D:1      | Rickety the Gnoll Conjurer began the quest for the Orb.
     0 | D:1      | Reached XP level 1. HP: 13/13 MP: 6/6
   260 | D:1      | Reached XP level 2. HP: 19/19 MP: 5/7
   263 | D:1      | Learned a level 2 spell: Searing Ray
   450 | D:1      | Found a faded altar of an unknown god.
  1087 | D:2      | Found Foutewna's Distillery.
  1157 | D:2      | Reached XP level 3. HP: 25/25 MP: 6/9
  1161 | D:2      | Learned a level 3 spell: Dazzling Flash
  1329 | D:2      | Reached skill level 5 in Spellcasting
  1399 | D:2      | Reached skill level 1 in Invocations
  1482 | D:2      | Reached skill level 1 in Fighting
  1482 | D:2      | Reached skill level 1 in Short Blades
  1482 | D:2      | Reached skill level 1 in Long Blades
  1482 | D:2      | Reached skill level 1 in Axes
  1482 | D:2      | Reached skill level 1 in Maces & Flails
  1482 | D:2      | Reached skill level 1 in Polearms
  1482 | D:2      | Reached skill level 1 in Staves
  1482 | D:2      | Reached skill level 1 in Slings
  1482 | D:2      | Reached skill level 1 in Bows
  1482 | D:2      | Reached skill level 1 in Crossbows
  1482 | D:2      | Reached skill level 1 in Throwing
  1482 | D:2      | Reached skill level 1 in Armour
  1482 | D:2      | Reached skill level 1 in Shields
  1482 | D:2      | Reached skill level 1 in Unarmed Combat
  1482 | D:2      | Reached skill level 1 in Evocations
  1799 | D:2      | Reached XP level 4. HP: 32/32 MP: 8/11
  1847 | D:2      | Found Role Geu's Book Shoppe.
  1938 | D:2      | Reached skill level 1 in Hexes
  1938 | D:2      | Reached skill level 1 in Summonings
  1938 | D:2      | Reached skill level 1 in Necromancy
  1938 | D:2      | Reached skill level 1 in Translocations
  1938 | D:2      | Reached skill level 1 in Transmutations
  1938 | D:2      | Reached skill level 1 in Fire Magic
  1938 | D:2      | Reached skill level 1 in Ice Magic
  1938 | D:2      | Reached skill level 1 in Air Magic
  1938 | D:2      | Reached skill level 1 in Earth Magic
  1938 | D:2      | Reached skill level 1 in Poison Magic
  2175 | D:3      | Found a shadowy altar of Dithmenos.
  2269 | D:3      | Reached XP level 5. HP: 37/37 MP: 4/12
  2663 | D:3      | You fall into a shaft and drop 2 floors!
  2663 | D:5      | Entered Level 5 of the Dungeon
  2802 | D:5      | Noticed a water moccasin
  2830 | D:4      | Noticed Duvessa
  2830 | D:4      | Noticed Dowan
  2841 | D:4      | Killed Duvessa
  2841 | D:4      | Killed Dowan
  2842 | D:4      | Reached skill level 5 in Dodging
  2842 | D:4      | Reached XP level 6. HP: 37/44 MP: 2/14
  3031 | D:4      | Reached XP level 7. HP: 47/50 MP: 9/15
  3248 | D:4      | Noticed Robin
  3248 | D:4      | Noticed Ijyb
  3250 | D:4      | Killed Robin
  3257 | D:4      | Killed Ijyb
  3726 | D:4      | Found a staircase to the Ecumenical Temple.
  3737 | Temple   | Entered the Ecumenical Temple
  3751 | Temple   | Became a worshipper of Vehumet
  3863 | D:4      | Noticed Grinder
  3875 | D:4      | Paralysed by Grinder for 7 turns
  3882 | D:4      | Slain by Grinder

Illustrated notes

Levels and vault maps discovered:
D:1:      sevenhm_arrival_forest_fort_small_3, layout_loops_ring,
          dreamdust_ecumenical_altar_drowned_temple, grunt_decor_clamped
D:2:      minmay_skewed_foursquare, layout_rooms, serial_shops,
          nicolae_shop_window_shopping, nicolae_diamond_shop,
          kennysheep_generic_room_16
D:3:      layout_basic, nicolae_dithmenos_through_a_glass_darkly,
          nicolae_underground_beach
D:4:      layout_rooms, minmay_temple_entry_glassed_door, uniq_robin, uniq_ijyb,
          uniq_grinder, uniq_duvessa
D:5:      layout_basic, kennysheep_mini
Temple:   lightli_temple_of_artemis

Skill      XL: |  1  2  3  4  5 |
---------------+----------------+-----
Spellcasting   | 5 |  5.5
Invocations    | 1 2 |  2.6
Fighting       | 1 2 |  2.3
Short Blades   | 1 2 |  2.3
Long Blades    | 1 2 |  2.3
Axes           | 1 2 |  2.3
Maces & Flails | 1 2 |  2.3
Polearms       | 1 2 |  2.3
Staves         | 1 2 |  2.3
Slings         | 1 2 |  2.3
Bows           | 1 2 |  2.3
Crossbows      | 1 2 |  2.3
Throwing       | 1 2 |  2.3
Armour         | 1 2 |  2.3
Shields        | 1 2 |  2.3
Unarmed Combat | 1 2 |  2.3
Evocations     | 1 2 |  2.3
Hexes          | 1 |  1.9
Summonings     | 1 |  1.9
Necromancy     | 1 |  1.9
Translocations | 1 |  1.9
Transmutations | 1 |  1.9
Fire Magic     | 1 |  1.9
Ice Magic      | 1 |  1.9
Air Magic      | 1 |  1.9
Earth Magic    | 1 |  1.9
Poison Magic   | 1 |  1.9
Dodging        | 5 |  5.2
Stealth        | |  4.8
Conjurations   | |  7.4

Action                   |  1- 3 |  4- 6 |  7- 9 || total
-------------------------+-------+-------+-------++-------
Melee: Short sword       |       |     6 |     4 ||    10
 Cast: Magic Dart        |    65 |    29 |     8 ||   102
       Searing Ray       |     1 |    13 |    10 ||    24
       Dazzling Flash    |       |       |     1 ||     1
Armor: Robe              |       |     7 |     8 ||    15
Dodge: Dodged            |     6 |    17 |    32 ||    55
